 Dungeon Crawl Stone Soup version 0.26.0-10-g1f06aea511 (webtiles) character file.

Game seed: 4695521415790930588

87 sanka the Shooter (level 4, 0/26 HPs)
             Began as a Deep Elf Hunter on Jan 21, 2021.
             Slain by a hobgoblin
             ... wielding a +0 club
              (2 damage)
             ... on level 3 of the Dungeon.
             The game lasted 00:03:26 (2662 turns).

sanka the Shooter (Deep Elf Hunter)                 Turns: 2662, Time: 00:03:27

Health: 0/26       AC:  3    Str:  9    XL:     4   Next: 28%
Magic:  6/6        EV: 14    Int: 16    God:
Gold:   209        SH:  0    Dex: 16    Spells: 3/3 levels left

rFire    . . .     SeeInvis .   a - +1 shortbow
rCold    . . .     Faith    .   (shield currently unavailable)
rNeg     . . .     Spirit   .   c - +0 leather armour
rPois    .         Reflect  .   (no helmet)
rElec    .         Harm     .   (no cloak)
rCorr    .         Rampage  .   (no gloves)
Will     .....                  (no boots)
Stlth    ++........             (no amulet)
HPRegen  0.08/turn              (no ring)
MPRegen  0.10/turn              (no ring)

@: no status effects
A: no striking features
a: no special abilities


You were on level 3 of the Dungeon.
You visited 1 branch of the dungeon, and saw 3 of its levels.

You collected 209 gold pieces.


   Skills:
 - Level 2.0 Fighting
 - Level 6.0 Bows
 + Level 4.6 Dodging
 - Level 1.2 Stealth


You had 3 spell levels left.
You didn't know any spells.
Your spell library was empty.

Inventory:

Hand Weapons
 a - a +1 shortbow (weapon)
 b - a +0 short sword
Missiles
 d - 4 arrows (quivered ammo)
Armour
 c - a +0 leather armour (worn)
Scrolls
 e - a scroll of enchant weapon {unknown}
 f - a scroll of random uselessness {unknown}
 i - 3 scrolls of identify {unknown}
 k - 7 scrolls of remove curse {unknown}
 n - 2 scrolls of amnesia {unknown}
 p - a scroll of enchant armour {unknown}
Potions
 g - a potion of curing {unknown}
 h - a potion of haste {unknown}
 j - 3 potions of lignification {unknown}
 l - a potion of invisibility {unknown}
 m - 2 potions of brilliance {unknown}
 o - a potion of degeneration {unknown}

Dungeon Overview and Level Annotations

Branches:
Dungeon (3/15)

Altars:
Xom

Portals:
Sewer: D:3

Annotations:
D:2 exclusion: gnoll

▒▒ ▒▒▒▒▒ ▒ .. .....
...▒. ▒▒▒..▒▒▒▒
▒....▒▒▒▒▒▒▒▒.......▒▒
▒..eg)((▒..▒..≈▒..▒▒
▒.▒▒▒▒▒.(((≈≈≈≈≈...▒ ▒
▒▒..▒≈≈≈≈≈≈≈▒..
▒...≈≈≈≈o≈≈≈...
▒....≈≈≈∩≈≈≈...
▒....≈≈≈o≈≈≈..▒
▒▒▒.▒≈≈≈≈≈≈≈▒.▒
▒...≈≈≈≈≈...▒
▒▒..▒≈..▒..▒▒


You could see a hobgoblin.


Message History

The arrow hits the orc!
You kill the orc!
A hobgoblin comes into view. It is wielding a +0 club.
You shoot an arrow. The hobgoblin shouts!
The arrow hits the orc.
The orc is lightly wounded.
You shoot an arrow. The arrow hits the orc.
The orc is moderately wounded.
You shoot an arrow. The arrow hits the orc.
The orc is heavily wounded.
You shoot an arrow. The arrow closely misses the orc.
The arrow barely misses the hobgoblin.
You shoot an arrow. The arrow hits the orc.
The orc is almost dead.
The orc hits you from afar with a +0 trident.
* * * LOW HITPOINT WARNING * * *
You shoot an arrow. The arrow hits the orc.
You kill the orc!
You shoot an arrow. The arrow closely misses the hobgoblin.
You shoot an arrow.
The arrow hits the hobgoblin but does no damage.
The hobgoblin hits you with a +0 club.
You die...

Action                   |  1- 3 |  4- 6 || total
-------------------------+-------+-------++-------
Melee: Short sword       |    78 |     5 ||    83
 Fire: Shortbow          |    43 |    21 ||    64
 Stab: Sleeping          |     3 |       ||     3
       Distracted        |     1 |       ||     1
Armor: Leather armour    |    18 |     2 ||    20
Dodge: Dodged            |    65 |    12 ||    77

Levels and vault maps discovered:
D:1:      minmay_arrival_nine_rooms, layout_basic, roderic_serpentine_path,
          minmay_surrounded
D:2:      layout_basic, nicolae_tso_swordbearing_angel,
          chequers_ecumenical_altar_simple_redux, st_stairs_13,
          minmay_misc_feat_rows, xom_teletrap_fun, uniq_jessica
D:3:      minmay_skewed_foursquare, layout_loops_ring,
          cheibrodos_sewer_entry_drain, hangedman_ru_absence

Notes
Turn   | Place    | Note
-------+----------+-------------------------------------------
     0 | D:1      | sanka the Deep Elf Hunter began the quest for the Orb.
     0 | D:1      | Reached XP level 1. HP: 12/12 MP: 3/3
   174 | D:1      | Reached skill level 6 in Bows
   174 | D:1      | Reached XP level 2. HP: 10/16 MP: 4/4
   384 | D:1      | HP: 1/16 [kobold/+0 whip (5)]
  2006 | D:2      | Reached skill level 3 in Dodging
  2109 | D:2      | Reached skill level 2 in Fighting
  2109 | D:2      | Reached XP level 3. HP: 20/21 MP: 5/5
  2144 | D:2      | Noticed Jessica
  2152 | D:2      | Killed Jessica
  2168 | D:2      | Reached skill level 4 in Dodging
  2306 | D:2      | Found a shimmering altar of Xom.
  2405 | D:2      | Found a faded altar of an unknown god.
  2460 | D:2      | Reached XP level 4. HP: 26/26 MP: 6/6
  2597 | D:3      | Found a glowing drain.
  2659 | D:3      | HP: 1/26 [orc/+0 trident (4)]
  2662 | D:3      | Slain by a hobgoblin

Vanquished Creatures
  Jessica (D:2)
  An adder (D:2)
  2 worms
  2 dart slugs
  3 orcs (D:3)
  A ball python (D:3)
  9 bats
  A giant cockroach (D:2)
  A goblin (D:2)
  3 hobgoblins
  2 quokkas (D:2)
  A frilled lizard (D:1)
  11 kobolds
  5 rats
43 creatures vanquished.

Table legend: (Time is in decaauts)
 A = Elapsed time spent in this place.
 B = Non-inter-level travel time spent in this place.
 C = Inter-level travel time spent in this place.
 D = Time resting spent in this place.
 E = Time spent auto-exploring this place.
 F = Levels seen in this place.
 G = Mean time per level.
                   A        B        C        D        E       F      G
               +--------+--------+--------+--------+--------+-----+--------+
         Total |   2661 |   2642 |     19 |    993 |   1273 |   3 |  887.0 |
       Dungeon |   2661 |   2642 |     19 |    993 |   1273 |   3 |  887.0 |
               +--------+--------+--------+--------+--------+-----+--------+

Top non-repeatable levels by time:
     D:1: 1680 daAuts
     D:2: 910 daAuts
     D:3: 70 daAuts
